 Dungeon Crawl Stone Soup version 0.29.1-15-g9cfb28693d (webtiles) character file.

Game seed: 9094377859109241351

2652 macek the Fighter (level 9, 0/82 HPs)
             Began as a Minotaur Fighter on Apr 3, 2023.
             Was a Believer of Okawaru.
             Slain by an orc warlord
             ... wielding a +5 broad axe
              (4 damage)
             ... in a bailey.
             The game lasted 00:27:11 (5985 turns).

macek the Fighter (Minotaur Fighter)                Turns: 5985, Time: 00:27:12

Health: 0/82       AC: 22    Str: 26    XL:     9   Next: 36%
Magic:  8/8        EV:  9    Int:  5    God:    Okawaru [**....]
Gold:   260        SH:  0    Dex:  9    Spells: 8/8 levels left

rFire   . . .      SeeInvis .   I - +0 battleaxe (flame)
rCold   . . .      Faith    .   (shield currently unavailable)
rNeg    . . .      Spirit   .   n - +0 plate armour
rPois   .          Reflect  .   (helmet restricted)
rElec   .          Harm     .   y - +0 cloak
rCorr   .          Rampage  .   J - +1 Delatra's gloves {ID++}
Will    +....                   u - +0 pair of boots
Stlth   ..........              (no amulet)
HPRegen 0.23/turn               j - ring of willpower
MPRegen 0.11/turn               (no ring)

@: confused, heroic, ambrosia-drunk, hasted, very quick
A: horns 2, retaliatory headbutt
a: Renounce Religion, Heroism


You were in a bailey.
You worshipped Okawaru.
Okawaru was pleased with you.
You visited 2 branches of the dungeon, and saw 8 of its levels.
You also visited: Bailey.

You collected 260 gold pieces.

Inventory:

Hand Weapons
 b - a +0 whip of pain
 f - a +0 trident of protection
 E - a +2 vorpal hand axe
 I - a +0 battleaxe of flaming (weapon)
Missiles
 d - a throwing net
 h - 45 stones
 w - 3 poisoned darts (quivered)
 x - 9 boomerangs
Armour
 e - a +2 robe of willpower
 n - a +0 plate armour (worn)
 u - a +0 pair of boots (worn)
 y - a +0 cloak (worn)
 J - the +1 Delatra's gloves (worn) {ID++}
   (You found it on level 6 of the Dungeon)

   It heals its wearer when they drink unknown potions.
   It restores its wearer's MP when they read unknown scrolls.
Magical Staves
 H - a staff of air
Jewellery
 j - a ring of willpower (left hand)
Wands
 G - a wand of charming (7)
Scrolls
 c - a scroll of fear {unknown}
 p - 3 scrolls of butterflies
 q - a scroll of enchant armour {unknown}
 s - 3 scrolls of blinking {unknown}
 v - a scroll of magic mapping {unknown}
 A - a scroll of vulnerability {unknown}
 B - a scroll of teleportation {unknown}
 D - a scroll of immolation
 F - a scroll of amnesia {unknown}
 K - a scroll of summoning {unknown}
Potions
 i - a potion of mutation {unknown}
 k - a potion of flight {unknown}
 m - 2 potions of magic {unknown}
 o - a potion of invisibility {unknown}
 r - a potion of haste
 t - 2 potions of experience {unknown}
 z - 2 potions of cancellation
 C - a potion of lignification {unknown}


   Skills:
 * Level 8.8(13.8) Fighting
 * Level 8.3(13.5) Axes
 + Level 1.9(10.5) Maces & Flails
 + Level 2.0(10.6) Polearms
 + Level 4.4(9.4) Throwing
 * Level 8.8(13.8) Armour
 - Level 3.8(8.8) Shields


You had 8 spell levels left.
You didn't know any spells.
Your spell library contained the following spells:

 Spells                   Type           Power      Damage    Failure   Level
 Magic Dart               Conj           0%         1d3       98%         1
 Slow                     Hex            0%         N/A       98%         1
 Searing Ray              Conj           0%         2d4       99%         2
 Confusing Touch          Hex            0%         N/A       100%        3
 Portal Projectile        Hex/Tloc       0%         N/A       100%        3
 Vampiric Draining        Necr           0%         2d6       100%        3
 Fulminant Prism          Conj/Hex       0%         3d6       100%        4
 Leda's Liquefaction      Hex/Erth       0%         N/A       100%        4
 Lee's Rapid Deconstruct  Erth           0%         3d5*      100%        5
 Statue Form              Tmut/Erth      0%         N/A       100%        6
 Call Canine Familiar     Summ           Unusable   N/A       N/A         3

Dungeon Overview and Level Annotations

Branches:
Dungeon (7/15)             Temple (1/1) D:5          Bailey (1/1)

Altars:
Ashenzari
Cheibriados
Dithmenos
Elyvilon
Fedhas
Gozag
Hepliaklqana
Kikubaaqudgha
Makhleb
Nemelex Xobeh
Okawaru
Qazlal
Ru
Sif Muna
Trog
Uskayaw
Wu Jian
Xom
Yredelemnul
Zin
The Shining One

Shops:
D:3 !   D:5 =


Innate Abilities, Weirdness & Mutations

You have a pair of horns on your head.
You reflexively headbutt those who attack you in melee.


Message History

The orc warlord hits you with a +5 broad axe!
The hobgoblin hits you but does no damage.
The orc warlord hits you with a +5 broad axe!!
* * * LOW HITPOINT WARNING * * *
The goblin hits you with a +0 hand axe.
* * * LOW HITPOINT WARNING * * *
You feel much better. The hobgoblin closely misses you.
You furiously retaliate!
You headbutt the hobgoblin!
You kill the hobgoblin!
Okawaru accepts your kill.
You gain the combat prowess of a mighty hero.
The orc no longer looks unusually strong.
The orc warlord roars a battlecry!
The orc goes into a battle-frenzy!
You feel much better.
The orc knight no longer looks unusually strong.
The orc warlord roars a battlecry!
The orc knight goes into a battle-frenzy!
You slash the orc warlord! You burn the orc warlord.
The orc warlord is moderately wounded.
The orc warlord hits you with a +5 broad axe!!
You feel much better.
The orc warlord hits you with a +5 broad axe!!
Okay, then.
You feel yourself speed up. The orc warlord barely misses you.
You furiously retaliate!
You headbutt the orc warlord.
You feel better.
Okay, then.
Really read the scroll of immolation? [Y]es or [N]o only, please.
Really read the scroll of immolation?
As you read the scroll of immolation, it crumbles to dust.
The creatures around you are filled with an inner flame!
The orc warlord hits you with a +5 broad axe!!!
Ouch! That really hurt!
* * * LOW HITPOINT WARNING * * *
You are confused.
You feel invigorated.
The orc warlord hits you with a +5 broad axe.
You die...

##.......## #.........#
##.........##
#######.....⌠.....# #####
##.....##)........##.....#
#.......')........')......
##.......##.......##)......
#.........#.......# .......
##.........##88@88##
....... #.....⌠.....###o###
...⌠... ##.........###gog#
....... #...))....#...o...
....... ##..)....##.......#
....... #.......#.........#
##.....##.........#
##)####...........
##.....##.........##


You could see an orc warlord (inner flame, strong), an orc knight (inner flame,
strong), a gnoll (inner flame), an orc (inner flame, strong) and a goblin (inner
flame).

Vanquished Creatures
  A steam dragon (D:6)
  7 orc warriors
  A sky beast (D:4)
  A centaur (D:6)
  2 ogres
  A phantom (D:5)
  Blork the orc (D:6)
  2 bullfrogs (D:6)
  2 scorpions (D:6)
  2 necrophages
  The ghost of ciphuk the Ruffian, a weakling NaFi (D:4)
  A howler monkey (D:6)
  3 hounds
  4 orc priests
  3 iguanas
  A jelly (D:4)
  3 gnoll boudas
  4 orc wizards
  21 gnolls
  4 adders
  2 ufetubi
  6 worms
  2 dart slugs
  37 orcs
  5 ball pythons
  5 bats
  4 endoplasms
  A giant cockroach (D:2)
  15 goblins
  17 hobgoblins
  3 jackals
  7 quokkas
  8 frilled lizards (D:2)
  5 kobolds
  3 rats
185 creatures vanquished.

Vanquished Creatures (others)
  An orc wizard (D:6)
  A bush (D:6)
2 creatures vanquished.

Grand Total: 187 creatures vanquished

Notes
Turn   | Place    | Note
-------+----------+-------------------------------------------
     0 | D:1      | macek the Minotaur Fighter began the quest for the Orb.
     0 | D:1      | Reached XP level 1. HP: 19/19 MP: 0/0
   124 | D:1      | You fall into a shaft and drop 1 floor!
   194 | D:2      | Reached XP level 2. HP: 27/27 MP: 1/1
   454 | D:2      | Reached XP level 3. HP: 28/33 MP: 2/2
  1029 | D:3      | Reached XP level 4. HP: 23/41 MP: 3/3
  1032 | D:3      | Found a hide-covered altar of Uskayaw.
  1033 | D:3      | Found a basalt altar of Yredelemnul.
  1034 | D:3      | Found a broken altar of Ashenzari.
  1166 | D:3      | Found Tysuceyf's Distillery.
  1224 | D:3      | Reached skill level 1 in Throwing
  2109 | D:4      | Reached XP level 5. HP: 37/47 MP: 4/4
  2110 | D:4      | Reached skill level 5 in Fighting
  2110 | D:4      | Reached skill level 5 in Armour
  2289 | D:4      | Noticed an ogre
  2297 | D:4      | Killed an ogre
  2298 | D:4      | Reached XP level 6. HP: 56/56 MP: 5/5
  2305 | D:4      | Found a runed translucent door.
  2329 | D:4      | Noticed ciphuk's ghost (weakling NaFi)
  2388 | D:4      | Killed ciphuk's ghost
  2398 | D:4      | Found a runed translucent door.
  2485 | D:4      | Reached skill level 5 in Axes
  2532 | D:4      | Noticed a sky beast
  2544 | D:4      | Killed a sky beast
  2545 | D:4      | Reached XP level 7. HP: 47/63 MP: 6/6
  2864 | D:5      | Entered Level 5 of the Dungeon
  2965 | D:5      | Found a staircase to the Ecumenical Temple.
  3209 | D:5      | Found Uppeq's Jewellery Emporium.
  3238 | Temple   | Entered the Ecumenical Temple
  3339 | Temple   | Became a worshipper of Warmaster Okawaru
  3741 | D:6      | Reached XP level 8. HP: 10/71 MP: 7/7
  4846 | D:6      | Reached * piety under Okawaru
  5081 | D:6      | Found the +1 Delatra's gloves {ID++}
  5165 | D:6      | Noticed Blork the orc
  5174 | D:6      | Killed Blork the orc
  5175 | D:6      | Reached XP level 9. HP: 61/81 MP: 8/8
  5595 | D:7      | Reached skill level 1 in Polearms
  5596 | D:7      | Reached skill level 1 in Maces & Flails
  5596 | D:7      | Reached ** piety under Okawaru
  5822 | D:7      | Found a flagged portal.
  5851 | Bailey   | Entered a bailey
  5967 | Bailey   | Noticed an orc warlord
  5968 | Bailey   | Noticed an orc knight
  5984 | Bailey   | HP: 2/82 [orc warlord/+5 broad axe (50)]
  5985 | Bailey   | Slain by an orc warlord

Illustrated notes

Levels and vault maps discovered:
D:1:      lemuel_arrival_cross, layout_loops_ring, basic_ecumenical_altar,
          minmay_distorted
D:2:      minmay_spotlight, layout_loops_ring, minmay_lizard_pond
D:3:      layout_loops_corners, gammafunk_temple_overflow_forgotten,
          serial_glass, glass_columns_b, glass_columns_c, serial_shops,
          nicolae_shop_trees
D:4:      layout_cave_pools, ebering_ghost_sewer_f, kennysheep_generic_room_3
D:5:      nicolae_cairo_tiling_large_dashed, layout_rooms,
          minmay_temple_entry_overgrown, serial_shops, kennysheep_mini_moat
D:6:      layout_loops_ring, kb_lookout_dungeons_type,
          pf_guarded_unrand_delatra, uniq_blork_the_orc
D:7:      layout_gridville, enter_bailey_5
Temple:   compressed_dpeg_circular_temple
Bailey:   bailey_axe_minmay_hex_keep, bailey

Skill      XL: |  1  2  3  4  5  6  7  8  9 |
---------------+----------------------------+-----
Fighting       | 4 5 6 8 |  8.8
Armour         | 4 5 6 7 8 |  8.8
Axes           | 3 4 5 6 7 8 |  8.3
Throwing       | 1 2 3 4 |  4.4
Polearms       | 2 |  2.0
Maces & Flails | 1 |  1.9
Shields        | |  3.8

Action                   |  1- 3 |  4- 6 |  7- 9 || total
-------------------------+-------+-------+-------++-------
Melee: War axe           |    66 |    22 |       ||    88
       Headbutt          |     5 |    16 |    41 ||    62
       Hand axe          |       |    65 |   162 ||   227
       Battleaxe         |       |       |    83 ||    83
Invok: Heroism           |       |       |     1 ||     1
  Use: Potion            |       |       |    10 ||    10
       Scroll            |       |       |     7 ||     7
Armor: Scale mail        |    21 |       |       ||    21
       Plate armour      |    18 |    57 |   198 ||   273
Dodge: Dodged            |    20 |    29 |    96 ||   145
Block: Buckler           |    19 |    16 |    37 ||    72
